 Dungeon Crawl Stone Soup version 0.30.1-9-gdf580d7c3d (webtiles) character file.

Game seed: 1501278730807298293

14 leafyfresh the Sneak (level 2, -1/21 HPs)
             Began as an Octopode Delver on Oct 12, 2023.
             Slain by an orc wizard
             ... wielding a +0 dagger
              (3 damage)
             ... on level 5 of the Dungeon.
             The game lasted 00:00:29 (130 turns).

leafyfresh the Sneak (Octopode Delver)               Turns: 130, Time: 00:00:30

Health: -1/21      AC:  1    Str: 11    XL:     2   Next: 41%
Magic:  2/2        EV: 13    Int: 12    God:
Gold:   0          SH:  0    Dex: 13    Spells: 1/1 levels left

rFire   . . .        a - +0 short sword
rCold   . . .        (no shield)
rNeg    . . .        (helmet restricted)
rPois   .            (no amulet)
rElec   .            (no ring)
rCorr   .            (no ring)
SInv    .            (no ring)
Will    .....        (no ring)
Stlth   ++++         (no ring)
HPRegen 0.23/turn    (no ring)
MPRegen 0.08/turn    (no ring)
                     (no ring)

%: no passive effects
@: no status effects
A: almost no armour, amphibious, 8 rings, camouflage 1, gelatinous body 1,
(nimble swimmer 1), tentacles
a: no special abilities


You were on level 5 of the Dungeon.
You visited 1 branch of the dungeon, and saw 1 of its levels.

Inventory:

Hand Weapons
 a - a +0 short sword (weapon)
Wands
 f - a wand of digging (3)
Scrolls
 b - a scroll of fog
 c - a scroll of magic mapping
 d - a scroll of fear
Potions
 e - a potion of haste


   Skills:
 - Level 3.0 Fighting
 - Level 2.0 Short Blades
 - Level 2.0 Dodging
 + Level 7.4 Stealth


You had one spell level left.
You didn't know any spells.
Your spell library was empty.

Dungeon Overview and Level Annotations

Branches:
Dungeon (5/15)
 Temple: D:4-7

Altars:


Innate Abilities, Weirdness & Mutations

You cannot wear most types of armour.
You are amphibious.
You can wear up to eight rings at the same time.
Your skin changes colour to match your surroundings (Stealth+).
Your rubbery body absorbs attacks. (AC +1, EV +1)
((You are camouflaged when in or above water. (Stealth+)))
You have tentacles for arms and can constrict up to eight enemies at once.


Message History

An orc wizard comes into view. It is wielding a +0 dagger.
The ufetubus shouts!
There are monsters nearby!
The orc wizard shouts!
The ufetubus misses you. The ufetubus hits you.
You closely miss the ufetubus. Your grab misses the ufetubus.
The ufetubus hits you. The ufetubus closely misses you.
You hit the ufetubus. Your grab misses the ufetubus.
The ufetubus is moderately wounded.
The ufetubus misses you.
The ufetubus hits you but does no damage.
The ufetubus completely misses you. The ufetubus hits you.
You barely miss the ufetubus. Your grab misses the ufetubus.
The ufetubus is moderately wounded.
The ufetubus hits you. The ufetubus misses you.
You hit the ufetubus but do no damage. Your grab misses the ufetubus.
The ufetubus is moderately wounded.
The ufetubus barely misses you. The ufetubus misses you.
The orc wizard hits you with a +0 dagger.
Unknown command.
The ufetubus attacks as you move away!
The ufetubus hits you but does no damage. x2
The ufetubus misses you. x2
The orc wizard casts a spell.
The orc wizard flickers and vanishes!
Deactivating autopickup; reactivate with Ctrl-A.
You barely miss the ufetubus. Your grab misses the ufetubus.
The ufetubus is lightly wounded.
The ufetubus closely misses you. The ufetubus hits you.
* * * LOW HITPOINT WARNING * * *
You hit the ufetubus.
You kill the ufetubus!
You hit something but do no damage. Something hits you.
* * * LOW HITPOINT WARNING * * *
You closely miss something.
Unknown command.
You closely miss something. Your squeeze misses something.
Something hits you but does no damage.
You closely miss something. Your squeeze misses something. Something hits you.
You die...

##.## #...#
##...#### .
#.>.....# .#
#.##.##.# ..#
#.##.##.## ###...#
#.##..)..# .......
#.#####..##.....<.
#.#####..@........
#.......######...#
######### #


There were no monsters in sight!

Vanquished Creatures
  An ufetubus (D:5)
  4 orcs (D:5)
5 creatures vanquished.

Notes
Turn   | Place    | Note
-------+----------+-------------------------------------------
     0 | D:5      | leafyfresh the Octopode Delver began the quest for the Orb.
     0 | D:5      | Reached XP level 1. HP: 16/16 MP: 1/1
    79 | D:5      | Reached skill level 7 in Stealth
    82 | D:5      | Reached XP level 2. HP: 14/21 MP: 2/2
   127 | D:5      | HP: 1/21 [something (5)]
   130 | D:5      | Slain by an orc wizard

Illustrated notes

Levels and vault maps discovered:
D:5:      layout_loops_cross, fedhas_ov_isle_minmay

Skill      XL: |  1 |
---------------+----+-----
Stealth        | 7 |  7.4
Fighting       | |  3.0
Short Blades   | |  2.0
Dodging        | |  2.0

Action                     || total
---------------------------++-------
  Melee: Short sword       ||    23
         Constrict         ||     4
         Tentacles         ||     3
 Armour: Skin              ||     4
  Dodge: Dodged            ||    15
